 Dungeon Crawl Stone Soup version 0.29-a0-982-gaed3a0c8d8 (webtiles) character file.

Game seed: 13509912969543959681

95 night the Trooper (level 4, -1/37 HPs)
             Began as a Palentonga Fighter on Aug 1, 2022.
             Was a Follower of Trog.
             Slain by a sky beast (2 damage)
             ... on level 4 of the Dungeon.
             The game lasted 00:06:09 (2705 turns).

night the Trooper (Palentonga Fighter)              Turns: 2705, Time: 00:06:10

Health: -1/37      AC:  6    Str: 21    XL:     4   Next: 39%
Magic:  4/4        EV:  7    Int:  9    God:    Trog [*.....]
Gold:   145        SH:  4    Dex:  9    Spells: 3/3 levels left

rFire   . . .      SeeInvis +   a - +0 war axe
rCold   . . .      Faith    .   c - +0 buckler
rNeg    . . .      Spirit   .   b - +0 scale mail
rPois   .          Reflect  .   (no helmet)
rElec   .          Harm     .   (no cloak)
rCorr   .          Rampage  .   (no gloves)
Will    ++...                   (no barding)
Stlth   ..........              (no amulet)
HPRegen 1.12/turn               (no ring)
MPRegen 0.09/turn               (no ring)

@: lethally poisoned (-1 -> -5), strong-willed, regenerating, slowed, very slow
A: large, rugged brown scales 3, see invisible, deformed body, roll 1, armoured
tail
a: Rolling Charge, Renounce Religion, Berserk


You were on level 4 of the Dungeon.
You worshipped Trog.
Trog was aware of your devotion.
You visited 1 branch of the dungeon, and saw 4 of its levels.

You collected 145 gold pieces.

Inventory:

Hand Weapons
 a - a +0 war axe (weapon)
Missiles
 e - 15 stones
 h - 3 boomerangs
Armour
 b - a +0 scale mail (worn)
 c - a +0 buckler (worn)
Scrolls
 l - a scroll of enchant weapon {unknown}
 m - a scroll of enchant armour {unknown}
 o - 5 scrolls of butterflies
 q - a scroll of blinking {unknown}
 r - a scroll of noise {unknown}
 s - a scroll of summoning {unknown}
 t - 2 scrolls of fear {unknown}
Potions
 d - a potion of might
 f - a potion of brilliance
 g - a potion of lignification
 i - a potion of degeneration {unknown}
 j - a potion of cancellation {unknown}
 k - a potion of ambrosia {unknown}
 n - a potion of berserk rage {unknown}
 p - a potion of haste {unknown}
 u - 2 potions of flight
 v - a potion of magic {unknown}
 w - a potion of heal wounds {unknown}


   Skills:
 + Level 3.5 Fighting
 * Level 3.3 Axes
 + Level 2.9 Armour
 + Level 3.2 Shields


You had 3 spell levels left.
You didn't know any spells.
Your spell library was empty.

Dungeon Overview and Level Annotations

Branches:
Dungeon (4/15)
 Temple: D:4-7

Altars:
Trog

Shops:
D:1 (   D:2 =   D:3 [==*


Innate Abilities, Weirdness & Mutations

You are completely covered in rugged brown scales. (AC +3, +7% HP)
You have supernaturally acute eyesight. (SInv)
Armour fits poorly on your strangely shaped body.
You can roll at nearby foes to attack.
You have a long armoured tail.


Message History

The sky beast hits you but does no damage.
The kobold brigand hits you with a +0 dagger.
You slash the kobold brigand!
Your tail-slap misses the kobold brigand.
The kobold brigand is almost dead.
You hit the sky beast. The sky beast closely misses you.
The kobold brigand barely misses you. You block the sky beast's attack.
The kobold brigand hits you with a +0 dagger.
You barely miss the kobold brigand.
Your tail-slap misses the kobold brigand.
The kobold brigand is almost dead.
You hit the kobold but do no damage. You barely miss the sky beast.
The sky beast completely misses you. The kobold hits you but does no damage.
The kobold brigand hits you but does no damage.
The sky beast hits you. The sky beast shocks you.
The sky beast attacks as you move away!
The sky beast hits you but does no damage.
You slash the sky beast!
The sky beast is heavily wounded.
The sky beast flickers out of sight for a moment.
The sky beast barely misses you.
You closely miss the sky beast.
The sky beast is heavily wounded.
The sky beast hits you. The sky beast shocks you.
* * * LOW HITPOINT WARNING * * *
The kobold brigand throws a curare-tipped dart.
The curare-tipped dart closely misses the sky beast.
The curare-tipped dart hits you.
You are lethally poisoned!
You have difficulty breathing.
* * * LOW HITPOINT WARNING * * *
You feel yourself slow down. The sky beast barely misses you.
Okay, then.
Your skin crawls.
You feel strong-willed.
You can no longer call upon Trog for regeneration and willpower.
* * * LOW HITPOINT WARNING * * *
You feel very sick. The sky beast hits you.
You die...

#### ######.. # ######
#...##.##.#
###....######...##..#.###
........).......@YK..>..#
###....###########K.#.###
###....# #..# .....#.#
#.........# .......#
#..........# .).#.#.#
#.........(#
.)...#.########.#.#...####
................#. .#.#
...#.....###### #. ....


You could see a sky beast (invisible), a kobold brigand and a kobold.

Vanquished Creatures
  A hound (D:4)
  An adder (D:2)
  A worm (D:3)
  An orc (D:4)
  5 ball pythons
  4 bats
  6 endoplasms
  A giant cockroach (D:3)
  6 goblins
  5 hobgoblins
  6 kobolds
  2 quokkas
  4 frilled lizards
  4 rats
47 creatures vanquished.

Notes
Turn   | Place    | Note
-------+----------+-------------------------------------------
     0 | D:1      | night the Palentonga Fighter began the quest for the Orb.
     0 | D:1      | Reached XP level 1. HP: 19/19 MP: 1/1
   200 | D:1      | Reached XP level 2. HP: 24/25 MP: 2/2
   327 | D:1      | Found a faded altar of an unknown god.
   334 | D:1      | Prayed at the altar of an unknown god.
   334 | D:1      | Became a worshipper of Trog the Wrathful
   334 | D:1      | Reached * piety under Trog
   562 | D:1      | Found Quroosiu's Weapon Boutique.
  1098 | D:2      | Reached XP level 3. HP: 31/31 MP: 3/3
  1603 | D:2      | Found Ucajor's Jewellery Boutique.
  1762 | D:3      | Found Otiptaoz's Assorted Antiques.
  1977 | D:3      | Found Siyda's Jewellery Shoppe.
  2013 | D:3      | Reached ** piety under Trog
  2038 | D:3      | Found Dyveank's Jewellery Shoppe.
  2157 | D:3      | Identified the +1 leather armour "Zoygucex" {Drain rF-
                  | rCorr Str+3}
  2211 | D:3      | Found Luocvus's Antique Armour Boutique.
  2552 | D:4      | Reached XP level 4. HP: 22/37 MP: 4/4
  2690 | D:4      | Noticed a kobold brigand
  2691 | D:4      | Noticed a sky beast
  2704 | D:4      | HP: 4/37 [asphyx]
  2705 | D:4      | HP: 1/37 [poisoned by a kobold brigand (curare-tipped
                  | dart)]
  2705 | D:4      | Slain by a sky beast

Illustrated notes

Levels and vault maps discovered:
D:1:      dpeg_arrival_radiant, layout_loops_ring,
          hellmonk_ecumenical_altar_slurped_away, serial_shops,
          nicolae_shop_hallway_plus
D:2:      layout_loops_corners, serial_shops, nicolae_shop_waterfront,
          minmay_misc_feat_room
D:3:      layout_loops_ring, serial_shops, shop_statue,
          nicolae_shop_behind_doors, shop, nicolae_shop_stone
D:4:      layout_basic, tso_oasis_becter, minmay_temple_entry_butterflies,
          uniq_edmund, uniq_ijyb

Skill      XL: |  1  2  3 |
---------------+----------+-----
Shields        | 3 |  3.2
Axes           | 3 |  3.3
Fighting       | |  3.5
Armour         | |  2.9

Action                   |  1- 3 |  4- 6 || total
-------------------------+-------+-------++-------
Melee: War axe           |   111 |    10 ||   121
       Tailslap          |    11 |     1 ||    12
Invok: Trog's Hand       |       |     1 ||     1
 Abil: Rolling Charge    |    10 |     1 ||    11
  Use: Scroll            |     7 |       ||     7
Armor: Scale mail        |    45 |    13 ||    58
Dodge: Dodged            |    42 |     6 ||    48
Block: Buckler           |    20 |     3 ||    23

Table legend: (Time is in decaauts)
 A = Elapsed time spent in this place.
 B = Non-inter-level travel time spent in this place.
 C = Inter-level travel time spent in this place.
 D = Time resting spent in this place.
 E = Time spent auto-exploring this place.
 F = Levels seen in this place.
 G = Mean time per level.
                   A        B        C        D        E       F      G
               +--------+--------+--------+--------+--------+-----+--------+
         Total |   2752 |   2663 |     89 |      0 |   2293 |   4 |  688.0 |
       Dungeon |   2752 |   2663 |     89 |      0 |   2293 |   4 |  688.0 |
               +--------+--------+--------+--------+--------+-----+--------+

Top non-repeatable levels by time:
     D:2: 1019 daAuts
     D:3: 810 daAuts
     D:1: 731 daAuts
     D:4: 190 daAuts
